 Dungeon Crawl Stone Soup version 0.24.0-13-gcf9b319 (webtiles) character file.

Game seed: 12088179706045776672, levelgen mode: deterministic

74 Fang the Skirmisher (level 4, -6/43 HPs)
             Began as a Gargoyle Berserker on Dec 13, 2019.
             Was a Believer of Trog.
             Mangled by a gnoll
             ... wielding a +0 halberd
              (14 damage)
             ... on level 3 of the Dungeon.
             The game lasted 00:00:50 (645 turns).

Fang the Skirmisher (Gargoyle Berserker)             Turns: 645, Time: 00:00:51

Health: -6/43      AC:  5    Str: 27    XL:     4   Next: 28%
Magic:  4/4        EV: 12    Int:  7    God:    Trog [**....]
Gold:   103        SH:  0    Dex:  9    Spells: 3/3 levels left

rFire    . . .     SeeInvis .   a - +0 hand axe
rCold    . . .     Gourm    .   (no shield)
rNeg     + . .     Faith    .   b - +0 animal skin
rPois    ∞         Spirit   .   (no helmet)
rElec    +         Reflect  .   (no cloak)
rCorr    .         Harm     .   (no gloves)
MR       .....                  (no boots)
Stlth    ..........             (no amulet)
HPRegen  0.14/turn              e - ring of flight
MPRegen  0.09/turn              (no ring)

@: berserking (expiring), very quick
A: negative energy resistance 1, electricity resistance, unbreathing,
petrification resistance, rot immunity, AC +3
a: Berserk, Trog's Hand, Renounce Religion, Evoke Flight


You were on level 3 of the Dungeon.
You worshipped Trog.
Trog was pleased with you.
You were not hungry.

You visited 1 branch of the dungeon, and saw 3 of its levels.

You collected 103 gold pieces.

Inventory:

Hand Weapons
 a - a +0 hand axe (weapon)
Armour
 b - a +0 animal skin (worn)
Jewellery
 e - a ring of flight (left hand)
Scrolls
 f - 4 scrolls of remove curse {unknown}
 g - a scroll of teleportation {unknown}
 h - a scroll of enchant armour {unknown}
 i - a scroll of identify {unknown}
 j - a scroll of noise {unknown}
Potions
 k - a potion of invisibility {unknown}
 l - a potion of curing {unknown}
Comestibles
 c - 4 rations
 d - 8 chunks of flesh


   Skills:
 + Level 3.9 Fighting
 + Level 3.3 Axes
 + Level 3.0 Armour
 + Level 2.2 Dodging


You had 3 spell levels left.
You didn't know any spells.
Your spell library was empty.

Dungeon Overview and Level Annotations

Branches:
Dungeon (2/15)

Altars:


Innate Abilities, Weirdness & Mutations

You are resistant to torment.
Your stone body is resilient. (AC +3)
You are immune to poison.
You resist negative energy. (rN+)
You are resistant to electric shocks. (rElec)
You can survive without breathing.
You are immune to petrification.
You are immune to rotting.


Message History

You slash the gnoll!
You kill the gnoll!
Trog accepts your kill.
You have reached level 4!
You feel stronger.
You hit the gnoll. The gnoll misses you.
You slash the gnoll!
You kill the gnoll!
Trog accepts your kill.
Your Armour skill increases to level 3! 2 gnolls come into view.
The gnoll shouts! x2; You hear a shout!
You see here a +0 whip.
You feel a strong urge to attack something.
The gnoll hits you from afar with a +0 halberd.
* * * LOW HITPOINT WARNING * * *
You slash the gnoll!
The gnoll is heavily wounded.
The gnoll hits you with a +0 halberd!
You die...

########
#.@gg..#
#)####.#.
#.)......
#..###.#.
#..# #..#
#...
##.## .#


You could see 2 gnolls.

Vanquished Creatures
  2 gnolls (D:3)
  2 oozes (D:1)
  2 dart slugs (D:1)
  A ball python (D:1)
  4 giant cockroaches (D:1)
  A goblin (D:1)
  6 hobgoblins (D:1)
  4 jackals (D:1)
  A quokka (D:2)
  7 bats (D:1)
  2 frilled lizards (D:1)
  2 kobolds (D:1)
  5 rats (D:1)
39 creatures vanquished.

Notes
Turn   | Place    | Note
-------+----------+-------------------------------------------
     0 | D:1      | Fang the Gargoyle Berserker began the quest for the Orb.
     0 | D:1      | Reached XP level 1. HP: 14/14 MP: 1/1
   108 | D:1      | Reached XP level 2. HP: 19/19 MP: 2/2
   259 | D:1      | Reached XP level 3. HP: 15/23 MP: 3/3
   443 | D:1      | Reached ** piety under Trog
   633 | D:2      | You fall into a shaft and drop 1 floor!
   640 | D:3      | Reached XP level 4. HP: 10/29 MP: 4/4
   645 | D:3      | Mangled by a gnoll

Levels and vault maps discovered:
D:1:      dpeg_arrival_orchard, layout_basic, minmay_3d_cube
D:2:      layout_basic, lemuel_doored_altar, first_ration
D:3:      layout_loops_corners, xom_redecorated, serial_bayou,
          serial_bayou_ford_a, serial_bayou_lake_a, serial_bayou_pond_c,
          serial_bayou_shore_b, ashenzari_altar_1, uniq_ijyb, uniq_robin

Skill      XL: |  1  2  3  4 |
---------------+-------------+-----
Axes           | 3 |  3.3
Dodging        | 2 |  2.2
Armour         | 3 |  3.0
Fighting       | |  3.9

Action                   |  1- 3 |  4- 6 || total
-------------------------+-------+-------++-------
Melee: Hand axe          |   109 |     2 ||   111
Invok: Berserk           |     1 |       ||     1
 Stab: Sleeping          |     1 |       ||     1
Armor: Animal skin       |    33 |       ||    33
Dodge: Dodged            |    85 |     1 ||    86
